AoeStats
← Degausser

Arabia

510128759Analyzed
1v1 RM · 4d ago on Sep 29, 2026· 51m 0s· 2 players
Game mode
Random Map
Map size
Tiny (2 player)
Population
200
Speed
Normal
Resources
Standard
Victory
Conquest
Starting age
Dark Age
Ending age
Imperial Age
RankedLock teamsTeams togetherTeam positionsShared explorationLock speedFull tech treeHidden civsTurbo modeCheats
Victory
Defeat
🇵🇱 Ethiopians · Poland
1002
+32
🇮🇳 Magyars · India
989
-15
Tand00riKnight
7:39 Loom
10:09 Feudal Age
10:28 Man-at-Arms
16:55 Double-Bit Axe
18:37 Fletching
23:52 Castle Age
22:01 Horse Collar
22:52 Padded Archer Armor
23:56 Elite Skirmisher
24:47 Bodkin Arrow
27:20 Bow Saw
27:52 Leather Archer Armor
28:00 Heavy Plow
28:48 Wheelbarrow
32:47 Scale Barding Armor
33:43 Bloodlines
33:33 Husbandry
38:58 Chain Barding Armor
43:18 Imperial Age
40:58 Thumb Ring
41:44 Heavy Plow
41:42 Gold Mining
41:44 Stone Mining
42:26 Ballistics
44:15 Bracer
45:03 Ring Archer Armor
46:07 Parthian Tactics
47:00 Conscription
47:17 Hand Cart
47:51 Recurve Bow
49:46 Chemistry
Degausser
7:56 Loom
10:35 Feudal Age
11:05 Double-Bit Axe
13:51 Horse Collar
19:34 Fletching
23:18 Castle Age
23:57 Bodkin Arrow
23:28 Crossbowman
24:26 Padded Archer Armor
25:08 Light Cavalry
25:56 Scale Barding Armor
26:06 Forging
25:55 Stone Mining
26:40 Bow Saw
28:10 Wheelbarrow
28:55 Town Watch
30:18 Heavy Plow
31:32 Chain Barding Armor
34:44 Town Patrol
35:07 Thumb Ring
36:04 Ballistics
38:50 Imperial Age
37:54 Iron Casting
37:35 Leather Archer Armor
38:34 Hand Cart
38:46 Husbandry
39:14 Arbalester
39:57 Bracer
41:11 Chemistry
40:17 Siege Engineers
40:10 Murder Holes
40:21 Siege Engineers
40:46 Hussar
41:55 Gold Mining
42:43 Stone Shaft Mining
43:02 Conscription
44:00 Blast Furnace
43:31 Ring Archer Armor
43:10 Squires
42:56 Arson
46:54 Gold Shaft Mining
Connection lost

Rejoining the realm…

Still unreachable

The connection could not be restored.

Session expired

The server has moved on; the page needs a fresh start.